 Dungeon Crawl Stone Soup version 0.17-a0-1719-g1afd5a1 (webtiles) character file.

228 Eski the Sneak (level 5, -1/27 HPs)
             Began as a Spriggan Wanderer on Aug 27, 2015.
             Splashed by a jelly's acid (9 damage)
             ... on level 3 of the Dungeon.
             The game lasted 00:20:49 (2835 turns).

Eski the Sneak (Spriggan Wanderer)                  Turns: 2835, Time: 00:20:49

Health: -1/27      AC: -2    Str: 10    XL:     5   Next: 70%
Magic:  11/11      EV: 18    Int: 14    God:
Gold:   115        SH:  0    Dex: 16    Spells: 1 memorised, 6 levels left

rFire  . . .     SeeInvis +     a - +2 short sword
rCold  . . .     Clarity  .     d - +0 robe
rNeg   . . .     SustAt   .     (shield restricted)
rPois  .         Gourm    .     (helmet restricted)
rElec  .         Spirit   .     (no cloak)
rCorr  .         Warding  .     (gloves unavailable)
rMut   .         Stasis   .     (boots unavailable)
MR     .....                    (no amulet)
Stlth  +++.......               (no ring)
                                h - +2 ring of dexterity

@: corroded equipment, very quick, not resistant to hostile enchantments, fairly
stealthy
A: unfitting armour, see invisible, herbivore 3, speed 3, slow metabolism 2
a: no special abilities


You were on level 3 of the Dungeon.
You were not hungry.

You visited 1 branch of the dungeon, and saw 3 of its levels.

You collected 115 gold pieces.

Inventory:

Hand weapons
 a - a +2 short sword (weapon)
 e - a +0 dagger
 l - a +1 short sword of draining
Missiles
 g - 12 sling bullets of frost
 q - 75 arrows
Armour
 d - a +0 robe (worn)
Jewellery
 h - a +2 ring of dexterity (left hand)
Scrolls
 b - 2 scrolls of teleportation
 k - 3 scrolls of remove curse {unknown}
 n - a scroll of enchant weapon {unknown}
 o - 6 scrolls of identify {unknown}
 p - a scroll of random uselessness {unknown}
 r - a scroll of fog {unknown}
Potions
 c - a potion of curing
 j - a potion of cancellation {unknown}
 m - a potion of degeneration {unknown}
 t - a potion of heal wounds
Books
 s - a book of Power

   Spells                             Type                      Level
   a - Fulminant Prism                Conjuration/Hexes            4
   b - Iskenderun's Mystic Blast      Conjuration                  4
   c - Venom Bolt                     Conjuration/Poison           5
   d - Bolt of Magma                  Conjuration/Fire/Earth       5
   e - Iron Shot                      Conjuration/Earth            6
   f - Orb of Destruction             Conjuration                  7
   g - Spellforged Servitor           Conjuration/Summoning        7
Comestibles
 f - 2 bread rations
 i - 3 fruits


   Skills:
 * Level 2.6 Fighting
 * Level 4.2 Short Blades
 * Level 3.0 Dodging
 + Level 4.7 Stealth
 * Level 3.3 Spellcasting
 * Level 0.5 Conjurations
 - Level 2.4 Hexes


You had 6 spell levels left.
You knew the following spells:

 Your Spells              Type           Power        Failure   Level  Hunger
a - Fulminant Prism       Conj/Hex       #.........   95%         4    #####..


Dungeon Overview and Level Annotations

Branches:
Dungeon (3/15)

Altars:
Ashenzari
Ru

Annotations:
D:3 Natasha; edsrzf's ghost, weakling HEWr


Innate Abilities, Weirdness & Mutations

You are tiny and cannot use many weapons and most armour.
You have supernaturally acute eyesight.
You are a herbivore.
You cover ground extremely quickly.
You need consume almost no food.


Message History

Edsrzf's ghost misses you.
You hit edsrzf's ghost.
Edsrzf's ghost is moderately damaged.
Edsrzf's ghost hits you!
Edsrzf's ghost screams, "To die, to sleep, no more."
You see here an iguana corpse.
You see here a rat corpse.
There is a stone staircase leading up here.
A jelly comes into view.
The jelly quivers.
a - a +2 short sword (weapon)
You hit the jelly.
Your hands burn!
The jelly is moderately wounded.
The jelly completely misses you.
You hit the jelly. The acid corrodes you!
Your hands burn!
The jelly is heavily wounded.
The jelly hits you.
* * * LOW HITPOINT WARNING * * *
You are splashed with acid!
The acid burns!
You die...

#.#..# ###.#..#
#......#
###......#
#........#########
#.#........<.....#
#.#.....########.#
#.###.### #.# #.#
#.# #@# #.###.#
#J# ......# #.#
####### #.# #.#
#.# #.# ###### #.#
.....#


You could see a jelly.

Vanquished Creatures
  An iguana (D:3)
  An orc wizard (D:3)
  Natasha (twice) (D:3)
  4 adders
  5 giant geckos
  5 orcs (D:3)
  4 giant cockroaches (D:2)
  9 hobgoblins
  12 jackals
  11 kobolds
  12 bats
  8 giant newts
  5 goblins
  A quokka (D:2)
  11 rats
91 creatures vanquished.

Notes
Turn   | Place    | Note
--------------------------------------------------------------
     0 | D:1      | Eski the Spriggan Wanderer began the quest for the Orb.
     0 | D:1      | Eski set off with: a +2 short sword, a scroll of teleportation, a potion of curing, a +0 robe, a +0 dagger, a bread ration
     0 | D:1      | Reached XP level 1. HP: 10/10 MP: 3/3
    26 | D:1      | Found a shattered altar of Ashenzari.
   597 | D:1      | Reached XP level 2. HP: 9/14 MP: 5/5
  1413 | D:2      | Reached XP level 3. HP: 18/18 MP: 7/7
  1429 | D:2      | Reached skill level 1 in Dodging
  1604 | D:2      | Reached skill level 4 in Stealth
  1817 | D:2      | Reached XP level 4. HP: 23/23 MP: 8/8
  2338 | D:3      | Noticed Natasha
  2372 | D:3      | Killed Natasha
  2418 | D:3      | Reached XP level 5. HP: 24/27 MP: 10/10
  2430 | D:3      | Noticed Natasha
  2452 | D:3      | Killed Natasha
  2459 | D:3      | Learned a level 4 spell: Fulminant Prism
  2478 | D:3      | Noticed Natasha
  2678 | D:3      | Found a sacrificial altar of Ru.
  2747 | D:3      | Noticed edsrzf's ghost (weakling HEWr)
  2835 | D:3      | Splashed by a jelly's acid

Vault maps used:
D:1:      scummos_arrival_forest, nicolae_ashenzari_panopticon
D:3:      nicolae_ru_great_annihilating_truth, lemuel_round_altar,
          roderic_three_in_a_row, uniq_terence, uniq_natasha

Action                   |  1- 3 |  4- 6 || total
-------------------------+-------+-------++-------
Melee: Short sword       |   119 |   122 ||   241
  Use: Potion            |       |     3 ||     3
 Stab: Sleeping          |     7 |    12 ||    19
       Distracted        |       |     1 ||     1
